 Dungeon Crawl Stone Soup version 0.19-a0-1619-gaef71b8 (webtiles) character file.

4478 TheGoonsmith the Basher (level 10, 0/93 HPs)
             Began as a Minotaur Berserker on Sept 17, 2016.
             Was a High Priest of Trog.
             Slain by a hippogriff (1 damage)
             ... on level 9 of the Dungeon.
             The game lasted 00:15:16 (8895 turns).

TheGoonsmith the Basher (Minotaur Berserker)        Turns: 8895, Time: 00:15:17

Health: 0/93       AC: 14    Str: 22    XL:     10   Next: 15%
Magic:  7/7        EV:  7    Int:  6    God:    Trog [*****.]
Gold:   344        SH:  0    Dex: 19    Spells: 0 memorised, 9 levels left

rFire  . . .     SeeInvis .     v - +2 morningstar (holy)
rCold  + . .     Gourm    +     H - +0 plate armour
rNeg   . . .     Faith    .     (no shield)
rPois  .         Spirit   .     (helmet restricted)
rElec  .         Dismiss  .     (no cloak)
rCorr  .         Reflect  .     (no gloves)
MR     ++...     Harm     .     D - +1 pair of boots
Stlth  .......... Rnd*Rage +    q - amulet of the gourmand
                                (no ring)
                                y - +6 ring of dexterity

@: regenerating, drained
A: retaliatory headbutt, horns 2, talons 1, berserk 1, clever 1, cold resistance
1, low mp 2, screaming 1
a: Berserk, Trog's Hand, Brothers in Arms, Burn Spellbooks, Renounce Religion


You were on level 9 of the Dungeon.
You worshipped Trog.
Trog was extremely pleased with you.
You were very full.

You visited 1 branch of the dungeon, and saw 9 of its levels.
You also visited: Ossuary.

You collected 344 gold pieces.

Inventory:

Hand Weapons
 a - a +0 mace
 s - a +0 lajatang
 v - a +2 morningstar of holy wrath (weapon)
 w - a +2 whip of electrocution
Armour
 b - a +0 animal skin
 u - a +1 ring mail
 D - a +1 pair of boots (worn)
 H - a +0 plate armour (worn)
Jewellery
 q - an amulet of the gourmand (around neck)
 y - a +6 ring of dexterity (left hand)
Wands
 x - a wand of digging (12/24)
 C - a wand of paralysis (5/24)
 I - a wand of disintegration (17/24)
 J - a wand of random effects (21/48)
Scrolls
 j - a scroll of fog
 k - 2 scrolls of teleportation
 p - 4 scrolls of remove curse
 r - a scroll of identify
 z - 6 scrolls of recharging
Potions
 d - a potion of beneficial mutation {unknown}
 e - 2 potions of haste
 f - 3 potions of agility {unknown}
 g - 6 potions of curing
 i - 2 potions of lignification
 m - a potion of magic {unknown}
 o - 3 potions of invisibility {unknown}
 t - a potion of might {unknown}
 A - a potion of cure mutation {unknown}
 B - 3 potions of cancellation
 E - 4 potions of flight
 L - 2 potions of heal wounds
Comestibles
 c - 4 bread rations
 h - 4 meat rations
 l - 5 fruits
 n - 3 chunks of flesh
 F - 4 beef jerkies
 G - 2 royal jellies
 K - a slice of pizza


   Skills:
 - Level 10.0(9.5) Fighting
 * Level 14.0(13.5) Maces & Flails
 - Level 2.4(9.1) Staves
 + Level 4.8(4.3) Armour
 - Level 2.1(1.7) Dodging


You had 9 spell levels left.
You didn't know any spells.

Dungeon Overview and Level Annotations

Branches:
Dungeon (9/15)             Temple (0/1) D:6
   Lair: D:8-11         Orc: D:9-12

Altars:
Hepliaklqana
Kikubaaqudgha
Qazlal
Sif Muna
Xom
Zin
The Shining One

Shops:
D:5 (


Innate Abilities, Weirdness & Mutations

You reflexively headbutt those who attack you in melee.
You have a pair of horns on your head.
You have sharp toenails.
You tend to lose your temper in combat.
Your mind is acute. (Int +2)
Your flesh is cold resistant. (rC+)
Your magical capacity is very low. (-20% MP)
You occasionally shout uncontrollably at your foes.


Message History

The hippogriff claws you but does no damage.
You puncture the hippogriff!
The hippogriff is severely wounded.
The hippogriff completely misses you.
The hippogriff pecks you but does no damage.
The hippogriff claws you but does no damage.
You hit the hippogriff.
The hippogriff is severely wounded.
The hippogriff bites you but does no damage.
The hippogriff pecks you.
* * * LOW HITPOINT WARNING * * *
The hippogriff barely misses you.
Your skin crawls.
You feel resistant to hostile enchantments.
The hippogriff bites you!
* * * LOW HITPOINT WARNING * * *
The hippogriff pecks you.
* * * LOW HITPOINT WARNING * * *
The hippogriff claws you.
You die...

.....####..###...###..<#
.......#....#......[[...
.......#....#...........
.....[.#....#...........
†......#....#....)......
...##..####.##...###...#
#'###..####'##...### #
...#...............#
...#...........H@..#
...#...............#
...#...............#
...#...............#
...#...............#
####################


You could see a hippogriff.

Vanquished Creatures
  Grinder (D:6)
  2 hippogriffs
  Sigmund (D:4)
  3 yaks (D:9)
  2 hungry ghosts
  Duvessa (D:4)
  2 water moccasins (D:9)
  A sky beast (D:9)
  An orc warrior (D:7)
  An ice beast (D:9)
  A centaur (D:7)
  3 ogres
  Blork the orc (D:4)
  A big kobold (D:8)
  4 bullfrogs
  A gnoll sergeant (D:6)
  Dowan (D:4)
  A water moccasin skeleton (D:7)
  3 howler monkeys
  A wight (D:9)
  4 crimson imps
  A bullfrog zombie (D:5)
  2 jellies
  5 hounds
  4 orc wizards
  3 orc priests
  3 centaur skeletons
  A gnoll shaman (D:7)
  A bullfrog skeleton (D:9)
  5 iguanas
  2 worker ants
  A hound zombie (D:6)
  12 mummies (Ossuary)
  A hound skeleton (D:7)
  2 howler monkey zombies
  12 gnolls
  6 adders
  A howler monkey skeleton (D:7)
  3 shadow imps
  An ooze (D:4)
  2 adder skeletons
  4 dart slugs
  4 leopard geckos
  29 orcs
  9 giant cockroaches
  4 goblins
  9 hobgoblins
  10 jackals
  10 kobolds
  4 quokkas
  A ball python (D:2)
  4 bats
  6 frilled lizards
  3 gnoll skeletons (Ossuary)
  A kobold skeleton (Ossuary)
  4 orc skeletons (Ossuary)
  9 rats
  11 rat skeletons (Ossuary)
226 creatures vanquished.

Notes
Turn   | Place    | Note
-------+----------+-------------------------------------------
     0 | D:1      | TheGoonsmith the Minotaur Berserker began the quest for the Orb.
     0 | D:1      | Reached XP level 1. HP: 19/19 MP: 0/0
   342 | D:1      | Reached skill level 4 in Maces & Flails
   342 | D:1      | Reached XP level 2. HP: 18/27 MP: 1/1
   697 | D:1      | Reached XP level 3. HP: 20/33 MP: 2/2
  1201 | D:2      | Reached skill level 5 in Maces & Flails
  1319 | D:2      | Reached XP level 4. HP: 19/41 MP: 3/3
  1567 | D:2      | Reached ** piety under Trog
  1977 | D:2      | Reached skill level 5 in Fighting
  2004 | D:2      | Found an ancient bone altar of Kikubaaqudgha.
  2227 | D:2      | Found a glowing silver altar of Zin.
  2612 | D:4      | Noticed Sigmund
  2630 | D:4      | Found a sand-covered staircase.
  2636 | Ossuary  | Entered an ossuary
  2825 | Ossuary  | Reached XP level 5. HP: 48/48 MP: 4/4
  2833 | Ossuary  | Reached *** piety under Trog
  2877 | Ossuary  | Reached skill level 6 in Maces & Flails
  3263 | Ossuary  | Reached XP level 6. HP: 42/57 MP: 5/5
  3402 | D:4      | Killed Sigmund
  3402 | D:4      | Reached skill level 7 in Maces & Flails
  3473 | D:4      | Noticed Duvessa
  3474 | D:4      | Noticed Dowan
  3479 | D:4      | Killed Duvessa
  3479 | D:4      | Reached skill level 8 in Maces & Flails
  3479 | D:4      | Reached XP level 7. HP: 64/64 MP: 6/6
  3481 | D:4      | Killed Dowan
  3784 | D:4      | Found a deep blue altar of Sif Muna.
  3940 | D:4      | Reached **** piety under Trog
  4046 | D:4      | Noticed Blork the orc
  4053 | D:4      | Killed Blork the orc
  4053 | D:4      | Reached skill level 9 in Maces & Flails
  4497 | D:5      | Entered Level 5 of the Dungeon
  4782 | D:5      | Found Hutiaf's Weapon Emporium.
  5140 | D:6      | Noticed Grinder
  5150 | D:6      | Killed Grinder
  5150 | D:6      | Reached XP level 8. HP: 73/73 MP: 7/7
  5151 | D:6      | Reached skill level 10 in Maces & Flails
  5353 | D:6      | Found a staircase to the Ecumenical Temple.
  5520 | D:6      | Found a hazy altar of Hepliaklqana.
  5556 | D:6      | Reached skill level 1 in Staves
  5634 | D:6      | Found a stormy altar of Qazlal.
  5638 | D:6      | Noticed an air elemental
  6337 | D:7      | Reached skill level 11 in Maces & Flails
  6879 | D:7      | Reached XP level 9. HP: 82/82 MP: 8/8
  7000 | D:7      | Reached skill level 12 in Maces & Flails
  7586 | D:8      | Found a shimmering altar of Xom.
  7634 | D:8      | Gained mutation: You have sharp toenails. [potion of mutation]
  7634 | D:8      | Gained mutation: Your magical capacity is low. (-10% MP) [potion of mutation]
  7634 | D:8      | Gained mutation: Your magical capacity is very low. (-20% MP) [potion of mutation]
  7635 | D:8      | Gained mutation: You tend to lose your temper in combat. [potion of mutation]
  7635 | D:8      | Gained mutation: Your mind is acute. (Int +2) [potion of mutation]
  7635 | D:8      | Gained mutation: You occasionally shout uncontrollably at your foes. [potion of mutation]
  7852 | D:8      | Reached skill level 10 in Fighting
  7852 | D:8      | Reached skill level 13 in Maces & Flails
  7884 | D:8      | Found a glowing golden altar of the Shining One.
  8066 | D:8      | Reached ***** piety under Trog
  8452 | D:9      | Gained mutation: Your flesh is cold resistant. (rC+) [mutagenic meat]
  8536 | D:9      | Found a hazy altar of Hepliaklqana.
  8675 | D:9      | Reached XP level 10. HP: 79/93 MP: 7/7
  8829 | D:9      | Reached skill level 14 in Maces & Flails
  8895 | D:9      | HP: 3/93 [hippogriff (8)]
  8895 | D:9      | HP: 1/93 [hippogriff (2)]
  8895 | D:9      | Slain by a hippogriff

Vault maps used:
D:1:      minmay_arrival_stair_chambers, st_stairs_14, grunt_decor_fettered
D:2:      lemuel_crystal_altar, kiku_gazebo_pond_becter, first_bread,
          minmay_pentomino_w4
D:3:      wad_pebble_path, uniq_crazy_yiuf_cottage
D:4:      kennysheep_mini_moat, gup_sewer_entry_bowl,
          nicolae_ossuary_entry_plus, uniq_blork_the_orc, uniq_duvessa,
          uniq_sigmund
D:5:      serial_shops, shop_fountains
D:6:      kennysheep_mini, nicolae_qazlal_style_of_elements, uniq_grinder
D:8:      lemuel_crystal_altar, xom_teletrap_fun
D:9:      lair_0_dummy, basic_altar
Ossuary:  ossuary_due_small_catacomb

Skill      XL: |  1  2  3  4  5  6  7  8  9 10 |
---------------+-------------------------------+-----
Fighting       | 4 5 6 7 8 10 | 10.0
Maces & Flails | 4 5 6 8 9 11 13 14 | 14.0
Staves         | 2 |  2.4
Armour         | 4 |  4.8
Dodging        | |  2.1

Action                   |  1- 3 |  4- 6 |  7- 9 | 10-12 || total
-------------------------+-------+-------+-------+-------++-------
Melee: Mace              |    75 |    49 |       |       ||   124
       Headbutt          |    10 |    16 |    50 |    11 ||    87
       Whip              |       |    82 |    72 |       ||   154
       Morningstar       |       |       |   205 |    39 ||   244
       Lajatang          |       |       |    22 |       ||    22
Invok: Berserk           |       |     3 |     3 |       ||     6
       Trog's Hand       |       |     1 |     2 |     1 ||     4
  Use: Scroll            |       |       |    22 |       ||    22
       Potion            |       |       |     3 |       ||     3
  Eat: Chunk             |     1 |     5 |    32 |     1 ||    39
       Meat ration       |       |     1 |       |       ||     1
       Bread ration      |       |       |     1 |       ||     1
Armor: Animal skin       |     6 |       |       |       ||     6
       Ring mail         |       |    41 |    28 |       ||    69
       Plate armour      |       |       |    56 |    23 ||    79
Dodge: Dodged            |    45 |    51 |   118 |    16 ||   230
